 Dungeon Crawl Stone Soup version 0.31.0-12-g77e489cdc1 (webtiles) character file.

Game seed: 867359305042375552

36027 hawla the Tortoise (level 13, -17/95 HPs)
             Began as a Minotaur Fighter on Mar 5, 2024.
             Was a Priest of Yredelemnul.
             Demolished by a cyan very ugly thing (23 damage)
             ... on level 15 of the Dungeon.
             The game lasted 00:34:18 (16554 turns).

hawla the Tortoise (Minotaur Fighter)              Turns: 16554, Time: 00:34:20

Health: -17/95     AC: 31    Str: 25    XL:     13   Next: 50%
Magic:  19/19      EV:  7    Int:  5    God:    Yredelemnul [***...]
Gold:   908        SH: 11    Dex: 11    Spells: 12/12 levels left

rFire   + . .        y - +3 broad axe
rCold   + . .        c - +1 buckler
rNeg    . . .        n - +4 crystal plate armour
rPois   +            F - +2 hat
rElec   .            M - scarf {rC+ rF+}
rCorr   .            (no gloves)
SInv    +            (no boots)
Will    .....        E - amulet of reflection Stlth
                     k - ring of poison resistance
HPRegen 0.35/turn    v - ring of see invisible
MPRegen 0.16/turn

%: reflection
@: about to teleport
A: horns 2, retaliatory headbutt, mutation resistance 1, wild magic 1, sturdy
frame 1
a: Renounce Religion, Recall Undead Harvest, Dark Bargain


You were on level 15 of the Dungeon.
You worshipped Yredelemnul.
Yredelemnul was aware of your devotion.
You visited 1 branch of the dungeon, and saw 15 of its levels.
You also visited: Bailey.

You collected 962 gold pieces.
You spent 54 gold pieces at shops.

Inventory:

Hand Weapons
 y - a +3 broad axe (weapon)
 C - a +1 demon blade of freezing
 J - a +2 halberd of flaming
Missiles
 l - a curare-tipped dart
 x - 14 poisoned darts (quivered)
Armour
 c - a +1 buckler (worn)
 n - a +4 crystal plate armour (worn)
 F - a +2 hat (worn)
 M - a scarf of resistance (worn)
Jewellery
 h - a +4 ring of protection
 k - a ring of poison resistance (left hand)
 o - a ring of protection from cold
 v - a ring of see invisible (right hand)
 E - an amulet of reflection (around neck)
 I - a ring of willpower
Wands
 r - a wand of paralysis (10)
 t - a wand of flame (31)
 D - a wand of mindburst (22)
 G - a wand of polymorph (12)
Scrolls
 a - a scroll of enchant armour
 e - 2 scrolls of teleportation
 g - 2 scrolls of enchant weapon
 m - 2 scrolls of revelation
 q - 3 scrolls of poison
 A - 4 scrolls of fog
 B - 2 scrolls of vulnerability
 H - a scroll of fear
 L - 4 scrolls of silence
Potions
 b - 3 potions of invisibility
 d - 4 potions of might
 f - 2 potions of resistance
 i - 2 potions of lignification
 j - a potion of ambrosia {unknown}
 p - a potion of enlightenment
 s - 3 potions of cancellation {unknown}
 u - 2 potions of haste {unknown}
 z - 3 potions of heal wounds {unknown}
 O - a potion of brilliance


   Skills:
 - Level 3.6 Fighting
 - Level 16.0(16.6) Axes
 + Level 7.5(12.7) Polearms
 + Level 18.0 Armour
 - Level 5.0 Shields
 - Level 10.0 Invocations


You had 12 spell levels left.
You didn't know any spells.
Your spell library was empty.

Dungeon Overview and Level Annotations

Branches:
Dungeon (15/15)            Temple (0/1) D:6            Lair (0/5) D:9
    Orc (0/2) D:10         Vaults (0/5) D:13         Bailey (visited)
 Depths: D:15

Altars:
Ashenzari
Ru
Xom
Yredelemnul
The Shining One

Shops:
D:8 (   D:9 (

Annotations:
D:14 2 transporters, Cicylist's ghost, journeyman FoFi
D:15 Agnes


Innate Abilities, Weirdness & Mutations

You have a pair of horns on your head.
You reflexively headbutt those who attack you in melee.
You are somewhat resistant to further mutation.
Your spells are a little harder to cast, but a little more powerful.
Your movements are slightly less encumbered by armour. (ER -2)


Message History

The cyan very ugly thing shocks you!!
A slime creature comes into view.
Unknown command.
You closely miss the cyan very ugly thing.
Your headbutt misses the cyan very ugly thing.
The cyan very ugly thing is heavily wounded.
The green ugly thing basks in the mutagenic energy from its kin and changes!
Unknown command.
You slash the cyan very ugly thing!
The cyan very ugly thing is severely wounded.
The rakshasa blinks!
The cyan very ugly thing tail-slaps you but does no damage.
Unknown command.
You barely miss the cyan very ugly thing.
The cyan very ugly thing is severely wounded.
A slime creature comes into view.
The cyan very ugly thing tail-slaps you but does no damage.
Unknown command.
You closely miss the cyan very ugly thing.
The slime creature quivers.
Your headbutt misses the cyan very ugly thing.
The cyan very ugly thing is severely wounded.
You block the cyan very ugly thing's attack.
A large slime creature splits.
Unknown command.
You hit the cyan very ugly thing but do no damage.
The cyan very ugly thing is severely wounded.
The rakshasa blinks!
The cyan very ugly thing tail-slaps you.
The cyan very ugly thing shocks you!!
* * * LOW HITPOINT WARNING * * *
Unknown command.
As you read the scroll of teleportation, it crumbles to dust.
You feel strangely unstable.
Two slime creatures merge to form a large slime creature.
The cyan very ugly thing tail-slaps you!
* * * LOW HITPOINT WARNING * * *
The cyan very ugly thing shocks you!!
You die...
Your body rises from the dead as a mindless zombie. ..## #.# ...# #.# #.. ...# #.# ##.## ...####.# ##...## ...#..#.# #..JJR# ...#..#.# ...R. ...#..#.# JuJ

...#..#.# #u#
(..#..#Z########@#
......#.#.....ZZZ#
.###.##.#.#####.##
..........# #.#
.####.#...#####.#######
................#.....#
.####.###.#######.###.#
.............# #.# #.#
.#####.##.##.####'###'######


You could see a cyan very ugly thing, a cyan ugly thing (ally target), 2
rakshasas, a large slime creature, 3 slime creatures, a friendly spectral smoke
demon, a friendly bound ugly thing and a friendly ugly thing zombie.

Vanquished Creatures
  Frances (D:14)
  Gastronok (D:9)
  A vault guard (D:13)
  A hydra (D:14)
  A catoblepas (D:14)
  3 boulder beetles
  3 two-headed ogres
  2 centaur warriors
  3 tengu warriors
  4 arcanists
  An orange crystal statue (D:12)
  A necromancer (D:13)
  An orc knight (D:15)
  2 cyclopes
  3 ugly things
  3 manticores
  A smoke demon (D:15)
  An unseen horror (D:13)
  Jeremiah (D:6)
  Maggie (D:10)
  A kobold demonologist (D:12)
  A yaktaur (D:13)
  Psyche (D:9)
  A tengu conjurer (D:15)
  5 trolls
  A hornet (D:9)
  Sigmund (D:6)
  3 shadows
  A wraith (D:13)
  A centaur simulacrum (D:15)
  A yak (shapeshifter) (D:13)
  3 yaks (D:9)
  2 vampires
  13 humans (D:13)
  2 vampire mosquitoes (D:15)
  A basilisk (D:14)
  4 acid dragons
  Duvessa (D:6)
  19 orc warriors
  A laughing skull (D:15)
  2 black bears
  A wolf (shapeshifter) (D:13)
  13 centaurs
  A kobold brigand (D:9)
  2 bullfrogs (D:8)
  5 scorpions
  A gnoll sergeant (D:7)
  Dowan (D:6)
  5 wights (D:10)
  3 killer bees (D:8)
  3 electric eels (D:14)
  8 howler monkeys
  2 hounds
  A jelly (D:8)
  2 bombardier beetles
  2 gnoll boudas
  6 orc priests
  Crazy Yiuf (D:3)
  Terence (D:2)
  An iguana (D:4)
  A sleepcap (D:4)
  6 orc wizards
  21 gnolls
  6 adders
  2 shadow imps
  A white imp (D:8)
  2 dart slugs
  3 ribbon worms
  52 orcs
  7 endoplasms
  A giant cockroach (D:1)
  10 goblins
  6 hobgoblins
  6 jackals
  13 kobolds
  2 quokkas (D:2)
  7 ball pythons
  7 bats
  A frilled lizard (D:2)
  2 rats
315 creatures vanquished.

Vanquished Creatures (collateral kills)
  A vault guard (D:13)
  A tengu warrior (D:15)
  6 ugly things
  Grinder (D:5)
  A yak (D:9)
  A yak (shapeshifter) (D:13)
  5 humans (D:13)
  A basilisk (D:13)
  A wraith (D:10)
  6 vampire mosquitoes
  A water moccasin (shapeshifter) (D:13)
  A laughing skull (D:15)
  A centaur (D:7)
  A scorpion (D:6)
  A howler monkey (D:9)
  A hound (D:5)
  An orc priest (D:5)
  An orc wizard (D:9)
  A gnoll (D:5)
  6 orcs
  3 goblins (D:8)
42 creatures vanquished.

Vanquished Creatures (others)
  A spectral two-headed ogre (D:14)
  3 centaur zombies
  3 human zombies (D:13)
  A gnoll zombie (D:6)
  23 orc zombies
31 creatures vanquished.

Grand Total: 388 creatures vanquished

Notes
Turn   | Place    | Note
-------+----------+-------------------------------------------
     0 | D:1      | hawla the Minotaur Fighter began the quest for the Orb.
     0 | D:1      | Reached XP level 1. HP: 19/19 MP: 0/0
   112 | D:1      | Reached XP level 2. HP: 21/26 MP: 1/1
   257 | D:1      | Found a faded altar of an unknown god.
   312 | D:1      | Reached skill level 5 in Shields
   321 | D:1      | Reached XP level 3. HP: 25/31 MP: 2/2
  1130 | D:2      | Found a shimmering altar of Xom.
  1164 | D:2      | Reached XP level 4. HP: 39/39 MP: 3/3
  1389 | D:2      | Noticed Terence
  1398 | D:2      | Killed Terence
  1399 | D:2      | Reached skill level 5 in Axes
  1625 | D:3      | Reached XP level 5. HP: 34/45 MP: 4/4
  2101 | D:3      | Found a runed translucent door.
  2102 | D:3      | Noticed Crazy Yiuf
  2108 | D:3      | Killed Crazy Yiuf
  2257 | D:4      | Reached XP level 6. HP: 49/51 MP: 5/5
  2534 | D:4      | Found a basalt altar of Yredelemnul.
  2534 | D:4      | Found a shimmering altar of Xom.
  2552 | D:4      | Became a worshipper of Yredelemnul the Dark
  2857 | D:5      | Entered Level 5 of the Dungeon
  2886 | D:5      | Reached XP level 7. HP: 57/57 MP: 6/6
  3048 | D:5      | Noticed Grinder
  3052 | D:5      | Paralysed by Grinder for 4 turns
  3059 | D:5      | Paralysed by Grinder for 4 turns
  3092 | D:5      | Killed Grinder
  3093 | D:5      | Reached skill level 10 in Axes
  3093 | D:5      | Reached * piety under Yredelemnul
  3250 | D:5      | Reached ** piety under Yredelemnul
  3366 | D:5      | Reached XP level 8. HP: 64/64 MP: 7/7
  3368 | D:5      | Reached *** piety under Yredelemnul
  3472 | D:6      | Noticed Duvessa
  3473 | D:6      | Noticed Dowan
  3478 | D:6      | Killed Dowan
  3481 | D:6      | Killed Duvessa
  3662 | D:6      | Noticed Jeremiah
  3680 | D:6      | Killed Jeremiah
  3876 | D:6      | Noticed Sigmund
  3887 | D:6      | Killed Sigmund
  4159 | D:6      | Reached XP level 9. HP: 70/70 MP: 8/8
  4168 | D:6      | Found a staircase to the Ecumenical Temple.
  4444 | D:7      | Found a glowing golden altar of the Shining One.
  4991 | D:8      | Reached skill level 15 in Axes
  5037 | D:8      | Found a flagged portal.
  5055 | Bailey   | Entered a bailey
  5363 | Bailey   | Reached skill level 4 in Armour
  5503 | Bailey   | Reached skill level 5 in Armour
  5527 | Bailey   | HP: 2/70 [orc warrior/+0 glaive (10)]
  5799 | Bailey   | Reached XP level 10. HP: 47/77 MP: 9/9
  5801 | Bailey   | Reached skill level 6 in Armour
  6369 | Bailey   | Reached skill level 7 in Armour
  6852 | D:8      | Found a broken altar of Ashenzari.
  6997 | D:8      | Found Plog's Weapon Shoppe.
  7012 | D:8      | Reached skill level 8 in Armour
  7136 | D:8      | Bought 6 poisoned darts for 54 gold pieces
  7549 | D:9      | Reached skill level 9 in Armour
  7605 | D:9      | Reached skill level 10 in Armour
  7626 | D:9      | Reached **** piety under Yredelemnul
  7822 | D:9      | Reached skill level 11 in Armour
  7855 | D:9      | Noticed Gastronok
  7861 | D:9      | Noticed Psyche
  7870 | D:9      | Killed Gastronok
  7870 | D:9      | Killed Psyche
  7870 | D:9      | Reached ***** piety under Yredelemnul
  7871 | D:9      | Reached skill level 12 in Armour
  7871 | D:9      | Reached XP level 11. HP: 66/82 MP: 10/10
  7983 | D:9      | Reached ****** piety under Yredelemnul
  8049 | D:9      | Found Xarghis's Weapon Shop.
  8117 | D:9      | Found a staircase to the Lair.
  8325 | D:10     | Entered Level 10 of the Dungeon
  8337 | D:10     | Found a staircase to the Orcish Mines.
  8342 | D:10     | Reached skill level 1 in Invocations
  8647 | D:10     | Found a sacrificial altar of Ru.
  8788 | D:10     | Noticed Maggie
  8812 | D:10     | Killed Maggie
  8813 | D:10     | Reached skill level 13 in Armour
  9422 | D:11     | Gained mutation: You have large cloven feet. [potion of
                  | mutation]
  9422 | D:11     | Gained mutation: You are vulnerable to heat. (rF-) [potion
                  | of mutation]
  9423 | D:11     | Lost mutation: You have large cloven feet. [potion of
                  | mutation]
  9423 | D:11     | Lost mutation: You are vulnerable to heat. (rF-) [potion of
                  | mutation]
  9423 | D:11     | Gained mutation: Your movements are slightly less
                  | encumbered by armour. (ER -2) [potion of mutation]
  9423 | D:11     | Gained mutation: Your spells are a little harder to cast,
                  | but a little more powerful. [potion of mutation]
  9423 | D:11     | Gained mutation: You are somewhat resistant to further
                  | mutation. [potion of mutation]
  9491 | D:11     | Noticed a two-headed ogre
  9499 | D:11     | Killed a two-headed ogre
 10575 | D:11     | Noticed a two-headed ogre
 10584 | D:11     | Killed a two-headed ogre
 10861 | D:12     | Noticed a centaur warrior
 10870 | D:12     | Killed a centaur warrior
 10871 | D:12     | Reached skill level 5 in Invocations
 10962 | D:12     | Noticed an orange crystal statue
 10976 | D:12     | Noticed a brown ugly thing
 10983 | D:12     | Noticed a cyan ugly thing
 10988 | D:12     | Killed an orange crystal statue
 10989 | D:12     | Reached skill level 14 in Armour
 11137 | D:12     | Noticed a two-headed ogre
 11142 | D:12     | Killed a two-headed ogre
 11937 | D:13     | Reached XP level 12. HP: 83/90 MP: 15/17
 12034 | D:13     | Reached skill level 10 in Invocations
 12127 | D:13     | Found a gate to the Vaults.
 12127 | D:13     | Noticed a vault guard
 12127 | D:13     | Noticed a vault guard
 12132 | D:13     | Killed a vault guard
 12511 | D:13     | Noticed a tengu warrior
 12525 | D:13     | Killed a tengu warrior
 12843 | D:13     | Reached skill level 15 in Armour
 12879 | D:13     | Noticed an entropy weaver
 12883 | D:13     | an entropy weaver changed into a yak
 13065 | D:13     | Noticed a two-headed ogre
 13074 | D:13     | Killed a two-headed ogre
 13074 | D:13     | Charmed a two-headed ogre
 13153 | D:13     | Killed a vault guard
 13190 | D:13     | Reached skill level 16 in Armour
 13436 | D:13     | Noticed a boulder beetle
 13442 | D:13     | Killed a boulder beetle
 13724 | D:14     | Noticed a five-headed hydra
 13735 | D:14     | Killed a three-headed hydra
 13736 | D:14     | Reached skill level 1 in Polearms
 13772 | D:14     | Noticed Frances
 14176 | D:14     | Found a transporter.
 14177 | D:14     | Noticed a death knight
 14181 | D:14     | Noticed Cicylist's ghost (journeyman FoFi)
 14209 | D:14     | Noticed a catoblepas
 14222 | D:14     | Killed a catoblepas
 14448 | D:14     | Found a transporter.
 14529 | D:14     | Killed Frances
 14530 | D:14     | Reached XP level 13. HP: 27/95 MP: 19/19
 14771 | D:14     | Reached skill level 17 in Armour
 15087 | D:15     | Entered Level 15 of the Dungeon
 15323 | D:15     | Reached skill level 5 in Polearms
 15361 | D:15     | HP: 3/95 [boulder beetle (15)]
 16150 | D:15     | Reached skill level 18 in Armour
 16388 | D:15     | Noticed Agnes
 16538 | D:15     | Noticed a cyan very ugly thing
 16554 | D:15     | Demolished by a cyan very ugly thing

Illustrated notes

Levels and vault maps discovered:
D:1:      amcnicky_arrival_wind_blow, layout_loops_ring,
          dreamdust_ecumenical_altar_angels_and_demons, nicolae_grassy_gnolls
D:2:      kennysheep_big_flooded_room, layout_rooms, basic_altar,
          chequers_serial_rivers_room_a, uniq_terence
D:3:      layout_rooms, uniq_crazy_yiuf_cottage
D:4:      layout_basic, minitemple
D:5:      layout_basic, uniq_grinder
D:6:      layout_loops_ring, minmay_temple_entry_stoned_glass, uniq_duvessa,
          uniq_jeremiah, uniq_sigmund
D:7:      layout_rooms, nicolae_tso_carved_into_rock
D:8:      layout_gridville, evilmike_ruin_ashenzari, serial_shops, shop,
          enter_bailey_5
D:9:      layout_basic, lair_entry_dummy, serial_shops, shop, uniq_gastronok,
          uniq_psyche
D:10:     layout_long_grid, mainiacjoe_overflow_brackets, david_orc_2,
          uniq_maggie
D:11:     layout_grid_maze
D:12:     layout_irregular_city, minmay_statue_bubble
D:13:     layout_stronghold, grunt_vaults_entry_tiered
D:14:     layout_basic, gammafunk_ghost_mausoleum, disabler_island, uniq_frances
D:15:     gammafunk_enter_depths_forms, layout_basic, hangedman_decor_slide_cut,
          minmay_misc_feat_nine_boxes, uniq_agnes

Skill      XL: |  1  2  3  4  5  6  7  8  9 10 11 12 13 |
---------------+----------------------------------------+-----
Shields        | 4 5 |  5.0
Axes           | 4 5 7 8 10 13 16 | 16.0
Armour         | 5 12 14 16 18 | 18.0
Invocations    | 8 10 | 10.0
Polearms       | 3 7 |  7.5
Fighting       | |  3.6

Action                     |  1- 3 |  4- 6 |  7- 9 | 10-12 | 13-15 || total
---------------------------+-------+-------+-------+-------+-------++-------
  Melee: War axe           |    84 |    91 |   229 |   428 |    25 ||   857
         Headbutt          |    14 |    16 |    35 |    79 |    29 ||   173
         Halberd           |       |       |       |     6 |       ||     6
         Broad axe         |       |       |       |       |    95 ||    95
  Throw: Dart              |       |       |    10 |     9 |     5 ||    24
 Invoke: Recall Undead Har |       |       |     3 |     9 |     2 ||    14
         Dark Bargain      |       |       |       |     1 |       ||     1
         Bind Soul         |       |       |       |     1 |     1 ||     2
  Evoke: Wand              |       |       |       |     7 |     2 ||     9
    Use: Scroll            |     4 |     6 |     4 |    18 |     5 ||    37
         Potion            |       |       |     8 |     3 |     1 ||    12
   Stab: Distracted        |       |       |     1 |     2 |     2 ||     5
 Armour: Scale mail        |    64 |    57 |       |       |       ||   121
         Chain mail        |       |     2 |   251 |   427 |       ||   680
         Crystal plate arm |       |       |       |    41 |   103 ||   144
  Dodge: Dodged            |    41 |    39 |   118 |   180 |    24 ||   402
  Block: Buckler           |    19 |    23 |    82 |   151 |    67 ||   342
         Reflection        |       |       |       |     5 |     3 ||     8
         Other             |       |       |       |     3 |       ||     3
